 Dungeon Crawl Stone Soup version 0.31-a0-365-gcf821cafb2 (webtiles) character file.

Game seed: 14399228442722504194

20259 Newt the Impaler (level 12, 0/85 HPs)
             Began as a Merfolk Gladiator on July 27, 2023.
             Was an Elder of Hepliaklqana.
             Slain by a fire elemental (9 damage)
             ... summoned by a deep elf pyromancer
             ... on level 13 of the Dungeon.
             The game lasted 00:23:03 (14103 turns).

Newt the Impaler (Merfolk Gladiator)               Turns: 14103, Time: 00:23:04

Health: 0/85       AC:  8    Str: 16    XL:     12   Next: 77%
Magic:  0/41       EV: 18    Int: 14    God:    Hepliaklqana [****..]
Gold:   1538       SH:  0    Dex: 19    Spells: 22/26 levels left

rFire   . . .        O - +2 spear
rCold   + . .        (no shield)
rNeg    + . .        U - +0 troll leather armour
rPois   +            c - +0 helmet
rElec   .            f - scarf {shadows}
rCorr   .            h - +2 pair of gloves
SInv    .            (no boots)
Will    +....        N - amulet "Pisupapn" {Spirit rPois rC+ rN+ Int+3}
Stlth   +            A - ring of magical power
HPRegen 1.14/turn    D - ring of magical power
MPRegen 0.27/turn

%: guardian spirit
@: animating dead, studying Necromancy
A: reduced essence, (nimble swimmer 2), mertail, claws 1, agile 1, clever 1,
strong-willed 1
a: Renounce Religion, Recall Ancestor, Ancestor Identity, Transference, Idealise


You were on level 13 of the Dungeon.
You worshipped Hepliaklqana.
Hepliaklqana was greatly pleased with you.
You visited 2 branches of the dungeon, and saw 14 of its levels.
You also visited: Sewer, Ossuary and Bailey.

You collected 1598 gold pieces.
You spent 60 gold pieces at shops.

Inventory:

Hand Weapons
 a - a +0 trident
 F - the +2 spear "Trog's Fury" {antimagic, rN+ Str-4 Dex+2}
   (You found it on level 9 of the Dungeon)

   Str:       It affects your strength (-4).
   Dex:       It affects your dexterity (+2).
   rN:        It protects you from negative energy.
 O - a +2 spear (weapon)
 S - the +8 morningstar of Beyond {freeze, Int+5}
   (You found it in a bailey)

   Int:       It affects your intelligence (+5).
Missiles
 e - a javelin
 T - a throwing net
Armour
 b - a +0 leather armour
 c - a +0 helmet (worn)
 f - a scarf of shadows (worn)
 h - a +2 pair of gloves (worn)
 o - a +2 scale mail of fire resistance
 r - a +0 hat
 v - a +0 cloak
 L - a +3 leather armour of cold resistance
 U - a +0 troll leather armour (worn)
Jewellery
 u - an amulet of regeneration
 A - a ring of magical power (left hand)
 D - a ring of magical power (right hand)
 K - a ring of protection from fire
 N - the amulet "Pisupapn" (around neck) {Spirit rPois rC+ rN+ Int+3}
   (You found it on level 9 of the Dungeon)

   [amulet of guardian spirit]

   It causes incoming damage to be divided between your reserves of health and
   magic.
   Int:       It affects your intelligence (+3).
   rC:        It protects you from cold.
   rPois:     It protects you from poison.
   rN:        It protects you from negative energy.
 Y - an amulet of magic regeneration
Wands
 d - a wand of polymorph (3)
 l - a wand of flame (27)
 w - a wand of digging (5)
 y - a wand of iceblast (5)
 B - a wand of paralysis (5)
 V - a wand of mindburst (3)
Scrolls
 g - a scroll of silence
 n - 5 scrolls of fog
 q - 3 scrolls of teleportation
 s - 5 scrolls of blinking
 t - 2 scrolls of enchant weapon
 z - 4 scrolls of vulnerability
 E - a scroll of amnesia
 G - a scroll of poison
 M - a scroll of fear
 W - a scroll of enchant armour
Potions
 i - 5 potions of curing
 j - 3 potions of heal wounds
 k - 2 potions of ambrosia
 m - 2 potions of haste
 p - 5 potions of mutation
 x - 2 potions of brilliance
 C - a potion of attraction
 H - 2 potions of degeneration
 I - 3 potions of magic
 J - 2 potions of lignification
 P - a potion of cancellation
 Q - a potion of resistance
 R - a potion of invisibility {unknown}
 X - 3 potions of might {unknown}


   Skills:
 - Level 9.0 Fighting
 - Level 15.0 Polearms
 - Level 2.0 Throwing
 - Level 10.0 Dodging
 * Level 7.5 Spellcasting
 + Level 7.1 Necromancy
 - Level 10.0 Evocations


You had 22 spell levels left.
You knew the following spells:

 Your Spells              Type           Power      Damage    Failure   Level
a - Animate Dead          Necr           25%        N/A       9%          4

Your spell library contained the following spells:

 Spells                   Type           Power      Damage    Failure   Level
 Sting                    Tmut/Pois      20%        1d4       17%         1
 Poisonous Vapours        Pois/Air       10%        N/A       26%         2
 Static Discharge         Conj/Air       10%        2-3/arc   26%         2
 Gell's Gravitas          Tloc           5%         N/A       45%         3
 Stone Arrow              Conj/Erth      10%        3d7       45%         3
 Teleport Other           Tloc           5%         N/A       45%         3
 Airstrike                Air            2%         2d(1-17)  86%         4
 Animate Armour           Summ/Erth      10%        N/A       86%         4
 Olgreb's Toxic Radiance  Pois           5%         N/A       86%         4
 Summon Lightning Spire   Summ/Air       5%         N/A       86%         4
 Dispersal                Tloc           2%         N/A       100%        6
 Haunt                    Necr/Summ      7%         N/A       100%        7
 Infestation              Necr           12%        N/A       100%        8
 Lehudib's Crystal Spear  Conj/Erth      2%         10d2      100%        8


Dungeon Overview and Level Annotations

Branches:
Dungeon (13/15)            Temple (1/1) D:6            Lair (0/5) D:9
    Orc (0/2) D:12          Sewer (visited)         Ossuary (visited)
 Bailey (visited)
 Vaults: D:13-14

Altars:
Ashenzari
Cheibriados
Dithmenos
Elyvilon
Fedhas
Gozag
Hepliaklqana
Kikubaaqudgha
Makhleb
Nemelex Xobeh
Okawaru
Qazlal
Ru
Sif Muna
Trog
Uskayaw
Vehumet
Wu Jian
Xom
Yredelemnul
Zin
The Shining One

Shops:
D:1 *   D:3 ?=


Innate Abilities, Weirdness & Mutations

Your life essence is reduced to manifest your ancestor. (-10% HP)
((You are very nimble when in or above water. (Stealth+, EV+, Speed+++)))
Your lower body shifts to a powerful aquatic tail in water.
You have sharp fingernails.
You are agile. (Dex +4, Str/Int -1)
Your mind is acute. (Int +4, Str/Dex -1)
You are strong-willed. (Will+)


Message History

You are covered in liquid flames!
Cuetlachtli barely misses the deep elf pyromancer.
Your Necromancy skill increases to level 7!
Unknown command.
Unknown command.
You hit the deep elf pyromancer.
The deep elf pyromancer is lightly wounded.
You are covered in liquid flames!
The deep elf pyromancer casts a spell at you.
The sticky flame hits you!
You are covered in liquid flames!
The fire elemental hits you. The fire elemental burns you!
The fire elemental hits you. The fire elemental burns you!
Cuetlachtli blocks the fire elemental's attack.
You hit the deep elf pyromancer.
The deep elf pyromancer is lightly wounded.
You are covered in liquid flames!
The fire elemental hits you. The fire elemental burns you!
* * * LOW HITPOINT WARNING * * *
The fire elemental hits you. The fire elemental burns you!
* * * LOW HITPOINT WARNING * * *
Okay, then.
You are covered in liquid flames!
* * * LOW HITPOINT WARNING * * *
Cuetlachtli blocks the fire elemental's attack.
The deep elf pyromancer barely misses Cuetlachtli.
Cuetlachtli hits the fire elemental with a +0 flail.
Cuetlachtli blocks the fire elemental's attack.
The fire elemental barely misses Cuetlachtli.
Unknown command.
Aiming: Mindburst
Press: ? - help, Shift-Dir - straight line, f - deep elf pyromancer
Aim: a deep elf pyromancer, wielding a +0 long sword (lightly wounded, ally target, chance to affect: 80%) Cuetlachtli avoids your attack.
The deep elf pyromancer's mind is blasted!!
You are covered in liquid flames!
* * * LOW HITPOINT WARNING * * *
The deep elf pyromancer barely misses Cuetlachtli.
The fire elemental hits you. The fire elemental burns you!
You die...

.....###.#.#..†..###..##
..### #..)....### #...##
. #..##.#######.###.
#.....##[.....#.#.
###...###.........#.
###....###..........#.
##.......)#..........#.
..........#<.........#.
.....Z@..............#.
.#...)RE..#..........#.
#...EeE°.#..........#.
#...>....##.....).).#'
#........###.....##.).
#........# ###########
##########


You could see the friendly Cuetlachtli the knight, a deep elf pyromancer (ally
target), 3 fire elementals and a friendly two-headed ogre zombie.

Vanquished Creatures
  An orc warlord (Bailey)
  A vault guard (D:13)
  A boulder beetle (D:9)
  4 centaur warriors
  3 two-headed ogres
  A tengu warrior (D:9)
  3 ugly things
  2 cyclopes
  Joseph (D:7)
  2 gargoyles
  A kobold demonologist (D:12)
  2 tengu conjurers
  3 trolls
  4 slime creatures
  A wyvern (D:10)
  3 yaks
  4 vampire mosquitoes
  A basilisk (D:13)
  3 steam dragons (D:8)
  2 water moccasins (D:7)
  3 acid dragons
  A black bear (D:7)
  2 orc warriors
  A sky beast (D:6)
  3 ogres
  An ice beast (D:8)
  14 centaurs
  A phantom (D:5)
  3 kobold brigands
  3 bullfrogs
  3 scorpions (D:5)
  3 wights (D:9)
  16 killer bees
  2 howler monkeys (D:9)
  4 orc priests
  4 hounds
  A gnoll bouda (D:5)
  10 orc wizards
  6 iguanas
  3 sleepcaps
  11 mummies (Ossuary)
  10 adders
  11 gnolls
  A river rat (D:3)
  2 shadow imps
  2 white imps (D:3)
  An ufetubus (D:4)
  A worm (D:3)
  3 dart slugs (D:3)
  19 orcs
  5 bats
  4 endoplasms
  10 giant cockroaches
  9 goblins
  4 hobgoblins
  7 jackals
  22 kobolds
  10 quokkas
  13 ball pythons
  14 frilled lizards
  3 goblin skeletons (Ossuary)
  3 kobold skeletons (Ossuary)
  2 orc skeletons (Ossuary)
  6 rats
  11 rat skeletons (Ossuary)
311 creatures vanquished.

Vanquished Creatures (collateral kills)
  A tengu conjurer (D:13)
  2 trolls
  3 yaks (D:11)
  2 vampire mosquitoes (D:10)
  3 orc warriors (Bailey)
  A centaur (D:11)
  5 killer bees
  3 howler monkeys
  4 orcs
  A goblin (Bailey)
  2 hobgoblins (Bailey)
  4 kobolds
31 creatures vanquished.

Vanquished Creatures (others)
  A sky beast (D:7)
  A cyclops zombie (D:13)
  6 knights
  6 ancestors
14 creatures vanquished.

Grand Total: 356 creatures vanquished

Notes
Turn   | Place    | Note
-------+----------+-------------------------------------------
     0 | D:1      | Newt the Merfolk Gladiator began the quest for the Orb.
     0 | D:1      | Reached XP level 1. HP: 16/16 MP: 1/1
   181 | D:1      | Reached XP level 2. HP: 22/22 MP: 2/2
   263 | D:1      | Reached skill level 5 in Polearms
   291 | D:1      | Found a faded altar of an unknown god.
   615 | D:1      | Found Wierow's Assorted Antiques.
   869 | D:2      | Reached XP level 3. HP: 24/27 MP: 3/3
   979 | D:2      | Reached skill level 6 in Polearms
  1058 | D:2      | Reached XP level 4. HP: 33/33 MP: 4/4
  1498 | D:3      | Reached skill level 7 in Polearms
  1560 | D:3      | Reached XP level 5. HP: 37/38 MP: 5/5
  1598 | D:3      | Found a glowing drain.
  1602 | Sewer    | Entered a sewer
  1623 | Sewer    | Reached skill level 5 in Dodging
  1749 | Sewer    | Reached XP level 6. HP: 46/46 MP: 6/6
  2445 | D:3      | Found Soyn's Jewellery Emporium.
  2538 | D:3      | Found Natrecal's Magic Scroll Emporium.
  2541 | D:3      | Bought a scroll of identify for 24 gold pieces
  2541 | D:3      | Bought a scroll of teleportation for 36 gold pieces
  3179 | D:5      | Entered Level 5 of the Dungeon
  3225 | D:5      | Reached skill level 5 in Fighting
  3233 | D:5      | Reached XP level 7. HP: 40/56 MP: 7/7
  3246 | D:5      | Reached skill level 8 in Polearms
  3487 | D:5      | Reached skill level 9 in Polearms
  3774 | D:5      | Reached skill level 10 in Polearms
  3774 | D:5      | Reached skill level 1 in Evocations
  3774 | D:5      | Reached XP level 8. HP: 62/62 MP: 8/8
  4541 | D:6      | Noticed a yak
  4572 | D:6      | Killed a yak
  4585 | D:6      | Found a sand-covered staircase.
  4636 | Ossuary  | Entered an ossuary
  4690 | Ossuary  | Gained mutation: Your mind is acute. (Int +4, Str/Dex -1)
                  | [potion of mutation]
  4690 | Ossuary  | Gained mutation: You have sharp fingernails. [potion of
                  | mutation]
  4690 | Ossuary  | Gained mutation: You are strong-willed. (Will+) [potion of
                  | mutation]
  4690 | Ossuary  | Gained mutation: You are agile. (Dex +4, Str/Int -1)
                  | [potion of mutation]
  4807 | Ossuary  | Reached XP level 9. HP: 72/72 MP: 9/9
  5155 | D:6      | Found a staircase to the Ecumenical Temple.
  5312 | Temple   | Entered the Ecumenical Temple
  5335 | Temple   | Became a worshipper of Hepliaklqana the Forgotten
  5396 | D:6      | Found a basalt altar of Yredelemnul.
  5405 | D:6      | Found a hide-covered altar of Uskayaw.
  5406 | D:6      | Found a bloodstained altar of Trog.
  5415 | D:6      | Found a burning altar of Makhleb.
  5416 | D:6      | Found a snail-covered altar of Cheibriados.
  5417 | D:6      | Found an opulent altar of Gozag.
  5418 | D:6      | Found a white marble altar of Elyvilon.
  6263 | D:7      | Reached skill level 11 in Polearms
  6668 | D:7      | Noticed Joseph
  6725 | D:7      | Killed Joseph
  6726 | D:7      | Reached skill level 12 in Polearms
  7374 | D:8      | Reached * piety under Hepliaklqana
  7508 | D:8      | Found a sparkling altar of Nemelex Xobeh.
  7551 | D:8      | Reached skill level 13 in Polearms
  7573 | D:8      | Reached XP level 10. HP: 45/74 MP: 10/10
  7991 | D:8      | Reached skill level 14 in Polearms
  8487 | D:9      | Noticed a cyclops
  8488 | D:9      | Noticed a boulder beetle
  8534 | D:9      | Killed a cyclops
  8535 | D:9      | Reached skill level 15 in Polearms
  8545 | D:9      | Killed a boulder beetle
  8546 | D:9      | Reached skill level 5 in Evocations
  8598 | D:9      | Noticed a cyan ugly thing
  8612 | D:9      | Killed a cyan ugly thing
  8741 | D:9      | Noticed a two-headed ogre
  8756 | D:9      | Killed a two-headed ogre
  8786 | D:9      | Identified the amulet "Pisupapn" {Spirit rPois rC+ rN+
                  | Int+3}
  8880 | D:9      | Found a staircase to the Lair.
  8955 | D:9      | Reached XP level 11. HP: 80/80 MP: 11/11
  8959 | D:9      | Identified the +2 spear "Trog's Fury" {antimagic, rN+ Str-4
                  | Dex+2}
  9086 | D:9      | Noticed a cyan ugly thing
  9130 | D:9      | Killed a cyan ugly thing
  9335 | D:9      | Noticed a tengu warrior
  9342 | D:9      | Killed a tengu warrior
  9508 | D:10     | Entered Level 10 of the Dungeon
  9600 | D:10     | Reached ** piety under Hepliaklqana
  9601 | D:10     | Remembered your ancestor Cuetlachtli as a knight
  9930 | D:10     | Found a flagged portal.
  9939 | Bailey   | Entered a bailey
  9948 | Bailey   | Noticed an orc warlord
  9958 | Bailey   | Reached skill level 10 in Evocations
 10033 | Bailey   | Found a runed translucent gate.
 10035 | Bailey   | Acquired 865 gold pieces
 10036 | Bailey   | Found a runed translucent gate.
 10040 | Bailey   | Found a runed translucent gate.
 10184 | Bailey   | Killed an orc warlord
 10206 | Bailey   | Identified the +8 morningstar of Beyond {freeze, Int+5}
 10217 | Bailey   | Acquired a manual of Necromancy
 11014 | D:11     | Noticed a red ugly thing
 11033 | D:11     | Killed a red ugly thing
 11248 | D:11     | Reached skill level 10 in Dodging
 11303 | D:11     | Reached skill level 1 in Necromancy
 11411 | D:11     | Reached skill level 1 in Spellcasting
 11769 | D:11     | Noticed a two-headed ogre
 11781 | D:11     | Killed a two-headed ogre
 11782 | D:11     | Reached XP level 12. HP: 85/85 MP: 17/17
 11826 | D:11     | Reached *** piety under Hepliaklqana
 12191 | D:12     | Found a sacrificial altar of Ru.
 12723 | D:12     | Found a staircase to the Orcish Mines.
 12906 | D:12     | Learned a level 4 spell: Animate Dead
 13003 | D:12     | Noticed a centaur warrior
 13128 | D:12     | Killed a centaur warrior
 13129 | D:12     | Reached skill level 5 in Spellcasting
 13129 | D:12     | Reached skill level 5 in Necromancy
 13608 | D:13     | Noticed a centaur warrior
 13613 | D:13     | Noticed a centaur warrior
 13631 | D:13     | Noticed a vault guard
 13632 | D:13     | Killed a centaur warrior
 13646 | D:13     | Noticed a centaur warrior
 13661 | D:13     | Killed a centaur warrior
 13881 | D:13     | Killed a vault guard
 13975 | D:13     | Killed a centaur warrior
 14087 | D:13     | Reached **** piety under Hepliaklqana
 14089 | D:13     | Noticed a two-headed ogre
 14099 | D:13     | Killed a two-headed ogre
 14103 | D:13     | Slain by a fire elemental

Illustrated notes

Levels and vault maps discovered:
D:1:      elethiomel_arrival_infinity_welcomes_careful_drivers, layout_basic,
          hellmonk_ecumenical_altar_dog_temple, serial_shops,
          nicolae_square_shop
D:2:      layout_basic
D:3:      layout_rooms, gup_sewer_entry_spiral, serial_shops,
          nicolae_shop_back_alley_shop, nicolae_shop_rolled_up,
          minmay_divided_ellipse
D:4:      layout_basic, chequers_serial_rivers_room_b, fountainhead
D:5:      layout_basic, bh_walls_and_bars
D:6:      layout_basic, minitemple, minmay_temple_entry_arrows, enter_ossuary_1,
          roderic_serpentine_path, grunt_ministairs_12, minmay_chambers_of_fives
D:7:      layout_layer_cave, uniq_joseph
D:8:      layout_gridville, nemelex_diamond_rough_becter
D:9:      minmay_tri_box, layout_rooms, lair_entry_dummy
D:10:     layout_gridville, enter_bailey_2
D:11:     layout_roguey
D:12:     layout_loops_ring, orc_0_dummy, drop_trap,
          nicolae_ru_great_annihilating_truth
D:13:     layout_rooms, david_vaults_5, eino_tiny_chamber,
          kennysheep_opposing_triangles
Temple:   minmay_temple_curvy_branch

Skill      XL: |  1  2  3  4  5  6  7  8  9 10 11 12 |
---------------+-------------------------------------+-----
Polearms       | 5 6 7 10 13 15 | 15.0
Dodging        | 6 10 | 10.0
Fighting       | 5 7 9 |  9.0
Evocations     | 1 4 8 10 | 10.0
Necromancy     | 3 7 |  7.1
Spellcasting   | 3 7 |  7.5
Throwing       | |  2.0

Action                     |  1- 3 |  4- 6 |  7- 9 | 10-12 || total
---------------------------+-------+-------+-------+-------++-------
  Melee: Trident           |    84 |   324 |   483 |   200 ||  1091
         Tailslap          |       |     8 |       |       ||     8
         Punch             |       |     1 |     6 |    22 ||    29
         Spear             |       |       |       |   862 ||   862
  Throw: Throwing net      |       |       |     3 |     8 ||    11
   Cast: Animate Dead      |       |       |       |     2 ||     2
 Invoke: Recall Ancestor   |       |       |       |     3 ||     3
         Ancestor Life: Kn |       |       |       |     1 ||     1
  Evoke: Wand              |       |       |     4 |    10 ||    14
    Use: Scroll            |       |     6 |     9 |     8 ||    23
         Potion            |       |     2 |     2 |     8 ||    12
   Stab: Sleeping          |     1 |       |       |       ||     1
         Held in net/web   |       |       |     1 |     1 ||     2
         Paralysed         |       |       |     5 |    45 ||    50
         Distracted        |       |       |       |     2 ||     2
         Invisible         |       |       |       |     1 ||     1
 Armour: Leather armour    |    19 |     2 |       |       ||    21
         Scale mail        |       |   104 |   146 |    97 ||   347
         Troll leather arm |       |       |       |    80 ||    80
  Dodge: Dodged            |    54 |   181 |   187 |   369 ||   791

Table legend: (Time is in decaauts)
 A = Elapsed time spent in this place.
 B = Non-inter-level travel time spent in this place.
 C = Inter-level travel time spent in this place.
 D = Time resting spent in this place.
 E = Time spent auto-exploring this place.
 F = Levels seen in this place.
 G = Mean time per level.
                   A        B        C        D        E       F      G
               +--------+--------+--------+--------+--------+-----+--------+
         Total |  13346 |  12837 |    509 |   1636 |   8535 |  17 |  785.1 |
       Dungeon |  12476 |  12012 |    464 |   1636 |   8160 |  13 |  959.7 |
        Temple |     45 |      1 |     44 |      0 |      0 |   1 |   45.0 |
         Sewer |    175 |    175 |      0 |      0 |     45 |   1 |  175.0 |
       Ossuary |    325 |    325 |      0 |      0 |    191 |   1 |  325.0 |
        Bailey |    323 |    323 |      0 |      0 |    139 |   1 |  323.0 |
               +--------+--------+--------+--------+--------+-----+--------+

Top non-repeatable levels by time:
    D:12: 1314 daAuts
     D:5: 1288 daAuts
     D:9: 1260 daAuts
     D:7: 1208 daAuts
     D:6: 1174 daAuts
    D:10: 1016 daAuts
    D:11: 933 daAuts
     D:3: 853 daAuts
     D:1: 800 daAuts
     D:8: 791 daAuts
     D:2: 680 daAuts
     D:4: 595 daAuts
    D:13: 558 daAuts
 Ossuary: 325 daAuts
  Bailey: 323 daAuts
